 Dungeon Crawl Stone Soup version 0.19.0-22-gd96e5fe (webtiles) character file.

186 vev the Ducker (level 5, 0/39 HPs)
             Began as a Vampire Gladiator on Nov 19, 2016.
             Slain by Terence
             ... wielding a +3 flail of holy wrath
              (7 damage)
             ... on level 3 of the Dungeon.
             The game lasted 00:03:19 (3716 turns).

vev the Ducker (Vampire Gladiator)                  Turns: 3716, Time: 00:03:20

Health: 0/39       AC:  9    Str: 14    XL:     5   Next: 38%
Magic:  5/5        EV: 11    Int: 11    God:
Gold:   218        SH:  0    Dex: 15    Spells: 0 memorised, 4 levels left

rFire  . . .     SeeInvis +     r - +0 hand axe (flame)
rCold  + . .     Gourm    .     p - +0 scale mail
rNeg   + + .     Faith    .     (no shield)
rPois  +         Spirit   .     u - +1 helmet
rElec  .         Reflect  .     h - +0 cloak
rCorr  .         Harm     .     (no gloves)
MR     .....                    (no boots)
Stlth  +.........               (no amulet)
                                (no ring)
                                (no ring)

@: regenerating slowly
A: fangs 3, see invisible, unbreathing
a: Bat Form


You were on level 3 of the Dungeon.
You were thirsty.

You visited 1 branch of the dungeon, and saw 3 of its levels.

You collected 218 gold pieces.

Inventory:

Hand Weapons
 a - a +0 war axe
 m - a +2 hand axe of chopping
 r - a +0 hand axe of flaming (weapon)
Missiles
 d - 3 throwing nets (quivered)
Armour
 b - a +0 leather armour
 c - a +0 helmet
 h - a +0 cloak (worn)
 i - a +0 ring mail
 k - a +0 chain mail of cold resistance
 n - a +0 leather armour
 p - a +0 scale mail (worn)
 u - a +1 helmet (worn)
Scrolls
 f - a scroll of amnesia {unknown}
 l - a scroll of fear {unknown}
 q - a scroll of identify
 s - 3 scrolls of blinking {unknown}
 t - a scroll of teleportation {unknown}
Potions
 e - 23 potions of blood
 g - a potion of berserk rage
 j - a potion of lignification
 o - a potion of degeneration {unknown}


   Skills:
 + Level 2.6 Fighting
 * Level 3.9 Axes
 - Level 1.5 Throwing
 + Level 1.9 Armour
 + Level 4.1 Dodging


You had 4 spell levels left.
You didn't know any spells.

Dungeon Overview and Level Annotations

Branches:
Dungeon (3/15)

Altars:
Okawaru
Uskayaw

Annotations:
D:3 Terence


Innate Abilities, Weirdness & Mutations

You heal slowly.
You have razor-sharp teeth.
You have supernaturally acute eyesight. (SInv)
You can survive without breathing.


Message History

Terence is moderately wounded.
Terence barely misses you.
You hit Terence. You burn Terence.
Terence is heavily wounded.
Terence closely misses you.
You hit Terence but do no damage.
Terence is heavily wounded.
Terence hits you but does no damage.
You hit Terence. You burn Terence.
Terence is severely wounded.
Terence hits you with a flail of holy wrath.
* * * LOW HITPOINT WARNING * * *
You convulse.
* * * LOW HITPOINT WARNING * * *
Your scale mail prevents you from hitting Terence.
Terence is severely wounded.
Terence hits you with a flail of holy wrath.
* * * LOW HITPOINT WARNING * * *
You convulse!
You die...

#.# #.############## #.#
#.# ########## #.# #.#
#...)..... #.# #.#
#.######## #.#
#########.# #.# #.#
#.......#.# #.# #.#
#.#####.#[# #.# #.#####
#.# #.#.#####.# #.....#
#.# #@#.......# #####.#
#.# #@######### ### #.#
#.# .<# ##.. #.# #.#
##.# ##... #.# #.# ..#
#.... #.# #.############
#.._. #.# #.#..........#
#.).. #.#
#.#.########.#######....
#.#
#.#.....................


You could see Terence.

Vanquished Creatures
  Ijyb (D:3)
  3 adders (D:3)
  An ooze (D:3)
  3 worms
  6 dart slugs
  A leopard gecko (D:3)
  16 orcs (D:3)
  7 bats
  6 giant cockroaches
  9 goblins
  8 hobgoblins
  4 jackals
  3 quokkas
  3 frilled lizards
  A jackal skeleton (D:3)
  5 kobolds
  11 rats
88 creatures vanquished.

Notes
Turn   | Place    | Note
-------+----------+-------------------------------------------
     0 | D:1      | vev the Vampire Gladiator began the quest for the Orb.
     0 | D:1      | Reached XP level 1. HP: 16/16 MP: 1/1
     4 | D:1      | Noticed an octopode
     4 | D:1      | Noticed a spriggan
     6 | D:1      | Noticed a vampire
     6 | D:1      | Noticed an elf
     8 | D:1      | Noticed a tengu
     8 | D:1      | Noticed a demigod
    10 | D:1      | Noticed an ogre
    12 | D:1      | Noticed a merfolk
    12 | D:1      | Noticed a naga
    14 | D:1      | Noticed a felid
    14 | D:1      | Noticed a centaur
    16 | D:1      | Noticed a ghoul
    18 | D:1      | Noticed a minotaur
    18 | D:1      | Noticed a troll
    20 | D:1      | Noticed a draconian
    20 | D:1      | Noticed a demonspawn
    22 | D:1      | Noticed a gargoyle
    22 | D:1      | Noticed a halfling
    24 | D:1      | Noticed a human
    24 | D:1      | Noticed a formicid
    26 | D:1      | Noticed a vine stalker
    26 | D:1      | Noticed a dwarf
    85 | D:1      | Reached skill level 3 in Axes
    87 | D:1      | Reached XP level 2. HP: 18/22 MP: 2/2
   235 | D:1      | Reached skill level 2 in Fighting
   756 | D:2      | Reached skill level 1 in Armour
   876 | D:2      | Found an iron altar of Okawaru.
   885 | D:2      | Reached XP level 3. HP: 27/27 MP: 3/3
  1938 | D:3      | Noticed Ijyb
  1977 | D:3      | Killed Ijyb
  1977 | D:3      | Reached XP level 4. HP: 10/34 MP: 4/4
  2758 | D:3      | Noticed a dagger
  2758 | D:3      | Noticed a hand axe
  2759 | D:3      | Found a hide-covered altar of Uskayaw.
  2845 | D:3      | Reached skill level 4 in Dodging
  2894 | D:3      | Reached XP level 5. HP: 22/39 MP: 5/5
  3697 | D:3      | Noticed Terence
  3716 | D:3      | Slain by Terence

Skill      XL: |  1  2  3  4 |
---------------+-------------+-----
Axes           | 3 |  3.9
Fighting       | 2 |  2.6
Armour         | 1 |  1.9
Dodging        | 4 |  4.1
Throwing       | |  1.5

Action                   |  1- 3 |  4- 6 || total
-------------------------+-------+-------++-------
Melee: War axe           |    65 |       ||    65
       Bite              |    12 |    12 ||    24
       Hand axe          |    86 |   132 ||   218
  Use: Scroll            |     4 |       ||     4
       Potion            |       |     4 ||     4
 Stab: Sleeping          |     1 |       ||     1
       Distracted        |       |     1 ||     1
  Eat: Corpse            |       |     1 ||     1
Armor: Leather armour    |    13 |       ||    13
       Ring mail         |    22 |       ||    22
       Chain mail        |    27 |       ||    27
       Scale mail        |       |    44 ||    44
Dodge: Dodged            |   108 |    58 ||   166
